 Dungeon Crawl Stone Soup version 0.30-a0-393-g54b8e3be05 (webtiles) character file.

Game seed: 11632267761887372991

66393 ragingrage the Unseen (level 15, -2/93 HPs)
             Began as a Kobold Brigand on Dec 5, 2022.
             Was the Champion of Wu Jian.
             Slain by an orc warrior
             ... wielding a +0 halberd
              (8 damage)
             ... while paralysed by an ogre mage
             ... on level 2 of the Orcish Mines.
             The game lasted 00:38:11 (22427 turns).

ragingrage the Unseen (Kobold Brigand)             Turns: 22427, Time: 00:38:11

Health: -2/93      AC: 12    Str:  8    XL:     15   Next: 62%
Magic:  15/15      EV:  3    Int: 19    God:    Wu Jian [******]
Gold:   1671       SH:  0    Dex: 24    Spells: 6/14 levels left

rFire   + . .      SeeInvis .    b - +1 short sword (elec)
rCold   + . .      Faith    .    (no shield)
rNeg    . . .      Spirit   .    c - +1 troll leather armour
rPois   +          Reflect  .    (no helmet)
rElec   .          Harm     .    g - scarf {rC+ rF+}
rCorr   .          Rampage  .    r - +2 pair of gloves "Makhliamov" {Int+6}
Will    +....                    (no boots)
Stlth   +++.......               o - amulet of regeneration
HPRegen 1.95/turn                Y - +4 ring of protection
MPRegen 0.14/turn                C - ring of poison resistance

@: paralysed, in a heavenly storm, glowing
A: small, no large weapons, nightstalker 3
a: Renounce Religion, Wall Jump, Serpent's Lash, Heavenly Storm


You were on level 2 of the Orcish Mines.
You worshipped Wu Jian.
Wu Jian was exalted by your worship.
You visited 5 branches of the dungeon, and saw 22 of its levels.
You also visited: Bailey.

You collected 1751 gold pieces.
You spent 80 gold pieces at shops.

Inventory:

Hand Weapons
 a - the +4 dagger "Umylur" {vorpal, rCorr Int+2}
   (You found it on level 4 of the Dungeon)

   It inflicts extra damage upon your enemies.
   Int:       It affects your intelligence (+2).
   rCorr:     It protects you from acid and corrosion.
 b - a +1 short sword of electrocution (weapon)
 h - a +0 rapier of freezing
Missiles
 d - 42 poisoned darts
 t - 4 throwing nets
 z - a curare-tipped dart
 T - 2 atropa-tipped darts
Armour
 c - a +1 troll leather armour (worn)
 g - a scarf of resistance (worn)
 r - the +2 pair of gloves "Makhliamov" (worn) {Int+6}
   (You acquired it on level 8 of the Dungeon)

   Int:       It affects your intelligence (+6).
Jewellery
 o - an amulet of regeneration (around neck)
 q - a ring of willpower
 C - a ring of poison resistance (right hand)
 O - a ring of protection from fire
 S - a ring of resist corrosion
 Y - a +4 ring of protection (left hand)
Wands
 x - a wand of paralysis (16)
 N - a wand of flame (42)
 Q - a wand of digging (5)
 W - a wand of roots (6)
 X - a wand of polymorph (6)
Scrolls
 f - 4 scrolls of magic mapping
 i - 4 scrolls of amnesia
 n - 2 scrolls of blinking
 p - 4 scrolls of fog
 s - 2 scrolls of silence
 u - 4 scrolls of vulnerability
 w - 8 scrolls of teleportation
 y - 4 scrolls of fear
 E - 2 scrolls of immolation
 F - 4 scrolls of poison
 G - 3 scrolls of identify
 R - 2 scrolls of enchant weapon
 U - a scroll of enchant armour
 Z - a scroll of torment
Potions
 e - 3 potions of mutation
 j - 7 potions of ambrosia
 k - 10 potions of curing
 l - 3 potions of resistance
 m - 3 potions of flight
 v - 3 potions of cancellation
 A - 5 potions of lignification
 B - 6 potions of heal wounds
 D - 5 potions of haste
 I - a potion of invisibility
 L - a potion of berserk rage
 M - 2 potions of brilliance {unknown}
 P - 4 potions of attraction
 V - 3 potions of might


   Skills:
 + Level 10.7 Fighting
 - Level 14.0 Short Blades
 - Level 6.0 Throwing
 - Level 3.0 Armour
 + Level 11.5 Dodging
 + Level 16.5 Stealth
 + Level 10.8 Hexes
 - Level 8.0 Ice Magic
 - Level 11.0 Evocations


You had 6 spell levels left.
You knew the following spells:

 Your Spells              Type           Power      Damage    Failure   Level
a - Ensorcelled Hibernat  Hex/Ice        70%        N/A       1%          2
b - Frozen Ramparts       Ice            60%        1d10      3%          3
c - Hailstorm             Conj/Ice       15%        3d5       17%         3

Your spell library contained the following spells:

 Spells                   Type           Power      Damage    Failure   Level
 Freeze                   Ice            100%       1d10      1%          1
 Summon Guardian Golem    Hex/Summ       20%        N/A       10%         3
 Magic Dart               Conj           0%         1d3       28%         1
 Anguish                  Hex/Necr       10%        N/A       30%         4
 Fulminant Prism          Conj/Hex       10%        3d8       30%         4
 Searing Ray              Conj           0%         2d4       41%         2
 Spider Form              Tmut/Pois      0%         N/A       65%         3
 Silence                  Hex/Air        10%        N/A       65%         5
 Manifold Assault         Tloc           0%         N/A       96%         4
 Passage of Golubria      Tloc           0%         N/A       96%         4
 Dispersal                Tloc           0%         N/A       100%        6
 Orb of Destruction       Conj           0%         9d5       100%        7
 Spellforged Servitor     Conj/Summ      0%         N/A       100%        7
 Disjunction              Tloc           0%         N/A       100%        8
 Lehudib's Crystal Spear  Conj/Erth      0%         10d2      100%        8


Dungeon Overview and Level Annotations

Branches:
Dungeon (13/15)            Temple (1/1) D:5            Lair (5/5) D:9
 Shoals (0/4) Lair:3       Spider (0/4) Lair:2        Slime (1/5) Lair:4
    Orc (2/2) D:10            Elf (0/3) Orc:2        Bailey (visited)
 Vaults: D:13-14

Altars:
Ashenzari
Cheibriados
Dithmenos
Elyvilon
Fedhas
Gozag
Hepliaklqana
Kikubaaqudgha
Makhleb
Nemelex Xobeh
Okawaru
Qazlal
Ru
Sif Muna
Trog
Uskayaw
Vehumet
Wu Jian
Xom
Yredelemnul
Zin
The Shining One
Jiyva
Lugonu

Shops:
Orc:1 *

Portals:
Abyss: D:3

Annotations:
D:4 Grinder
D:6 DeathPants's ghost, novice DsNe
Lair:4 1 runed translucent door, Lufi's ghost, journeyman BaHs


Innate Abilities, Weirdness & Mutations

You are small and have problems with some larger weapons.
You are completely attuned to the shadows.


Message History

An ogre comes into view. It is wielding a +0 giant club.
You spin and attack the orc warrior repeatedly.
You barely miss the orc warrior.
The orc warrior is moderately wounded.
You puncture the orc warrior!
The orc warrior is heavily wounded.
You spin and attack the orc priest repeatedly.
You hit the orc priest.
Lightning courses through the orc priest!
You kill the orc priest!
The Council accepts your kill.
You hear a shout!
The orc warrior hits you from afar with a +0 halberd!
The orc wizard gestures at you while chanting.
The puff of flame hits you. You resist.
The ogre mage points at you and mumbles some strange words.
You suddenly lose the ability to move!
You hear a shout!
You hear a shout!
The orc warrior hits you from afar with a +0 halberd.
The orc wizard hits you with a +4 dagger.
The orc knight hits you with a +0 battleaxe!
The ogre mage hits you but does no damage.
The orc warrior unwields a +0 arbalest.
The orc warrior wields a +0 halberd.
The orc warrior hits you with a +0 halberd!
An ogre comes into view. It is wielding a +0 giant club.
The warg bites you.
You hear a shout!
The orc warrior hits you from afar with a +0 halberd!
* * * LOW HITPOINT WARNING * * *
The orc wizard barely misses you.
The orc knight hits you with a +0 battleaxe!
* * * LOW HITPOINT WARNING * * *
The ogre hits you but does no damage.
The orc knight hits you with a +0 battleaxe.
* * * LOW HITPOINT WARNING * * *
An ogre comes into view. It is wielding a +0 giant club.
The warg bites you but does no damage.
The orc warrior hits you with a +0 halberd!
You die...

...☼§§☼°°#
..#.☼§§O§☼§## ..
..#§§§☼§☼OOO########..#
..☼§§☼o☼o§§O☼§§§§§§§...
..☼§§o°§§§§§§☼§§§☼§§§..
..☼§§oO☼§§☼.§☼§☼☼§☼☼☼..
..☼§§..o☼§§..OOoOO☼§§..
..§§☼...).o..Oooh§§§§..
..#☼☼.)...)..OO@o§§§§..
...§§§ooo§O..☼§§o§§☼☼..
<.§§☼§oo§o..§§§☼§§§...
...§§☼§§☼☼....>.......
...☼☼☼§☼°☼)..#..#....
....°))).☼§...o
....§)§.)○o☼§..
...§☼☼☼§☼o§§...
....<§§o§§☼☼...


You could see 2 orc knights, a two-headed ogre, an ogre mage (invisible), a
warg, 2 orc warriors, 5 ogres and an orc wizard.

Vanquished Creatures
  An orc warlord (Bailey)
  A fire dragon (Lair:5)
  A great orb of eyes (Slime:1)
  5 hydras
  A catoblepas (D:13)
  An ogre mage (Orc:2)
  16 two-headed ogres
  Urug (Lair:5)
  Nergalle (Lair:3)
  2 fire crabs (Lair:5)
  Lodul (D:13)
  Pikel (D:4)
  2 wolf spiders (Lair:1)
  2 orc sorcerers
  2 ugly things
  An oklob plant (Lair:4)
  5 elephants
  8 black mambas
  3 gargoyles
  A rust devil (D:13)
  3 molten gargoyles (Lair:5)
  15 cane toads
  A rime drake (Lair:1)
  13 komodo dragons
  2 hellwings (D:13)
  A queen bee (Lair:2)
  3 meliai (D:13)
  A red devil (D:13)
  A polar bear (Lair:4)
  7 trolls
  5 blink frogs (Lair:4)
  4 dream sheep (Lair:5)
  A snapping turtle (Lair:3)
  Sigmund (D:4)
  3 wraiths
  3 shadows
  7 wyverns
  63 yaks
  5 basilisks
  2 chaos spawn (D:13)
  8 vampire mosquitoes
  A redback (Lair:2)
  4 steam dragons
  Menkaure (D:7)
  4 hell hounds (Lair:5)
  Duvessa (D:6)
  2 wargs (Orc:2)
  19 water moccasins
  2 acid dragons (D:13)
  An ice beast (D:6)
  2 black bears (D:7)
  10 orc warriors
  6 wolves (Lair:1)
  22 ogres
  2 phantoms (D:10)
  2 centaurs
  A lemure (D:4)
  A kobold brigand (D:8)
  2 gnoll sergeants
  10 bullfrogs
  2 scorpions
  A necrophage (D:5)
  4 wights (D:7)
  3 troll zombies (D:10)
  Dowan (D:6)
  33 killer bees
  7 howler monkeys
  4 lava snakes (Lair:5)
  3 hounds
  2 jellies
  17 orc priests
  2 gnoll boudas
  Jessica (D:3)
  7 iguanas
  10 orc wizards
  6 hell rats (Lair:3)
  Terence (D:2)
  5 ogre zombies (D:10)
  3 hound skeletons (D:3)
  23 gnolls
  10 adders
  5 river rats (D:9)
  A shadow imp (D:6)
  6 white imps
  3 worms
  A dart slug (D:2)
  49 orcs
  4 bats
  3 endoplasms
  4 giant cockroaches
  12 goblins
  9 hobgoblins
  13 jackals
  18 kobolds
  4 quokkas
  7 ball pythons
  3 frilled lizards
  A giant cockroach zombie (D:3)
  2 goblin skeletons (D:10)
  3 goblin zombies (D:10)
  2 hobgoblin zombies (D:10)
  4 orc skeletons (D:10)
  13 orc zombies (D:10)
  2 quokka skeletons (D:3)
  22 rats
  A lurking horror (D:3)
635 creatures vanquished.

Vanquished Creatures (others)
  3 bushes (D:9)
  2 demonic plants (D:13)
  12 fungi
  44 plants
  A withered plant (D:3)
62 creatures vanquished.

Grand Total: 697 creatures vanquished

Notes
Turn   | Place    | Note
-------+----------+-------------------------------------------
     0 | D:1      | ragingrage the Kobold Brigand began the quest for the Orb.
     0 | D:1      | Reached XP level 1. HP: 12/12 MP: 1/1
   395 | D:1      | Reached XP level 2. HP: 17/17 MP: 2/2
   595 | D:1      | Reached XP level 3. HP: 21/21 MP: 3/3
  1028 | D:2      | Reached skill level 6 in Stealth
  1039 | D:2      | Identified the +3 trident "Kynom" {drain, rCorr}
  1159 | D:2      | Reached XP level 4. HP: 26/26 MP: 4/4
  1186 | D:2      | Learned a level 2 spell: Ensorcelled Hibernation
  1333 | D:2      | Noticed Terence
  1344 | D:2      | Killed Terence
  1345 | D:2      | Reached skill level 5 in Short Blades
  1384 | D:2      | Reached XP level 5. HP: 30/30 MP: 5/5
  1617 | D:3      | Reached skill level 1 in Hexes
  1718 | D:3      | Found a faded altar of an unknown god.
  1801 | D:3      | Reached skill level 1 in Ice Magic
  1825 | D:3      | Found a corrupted altar of Lugonu.
  1826 | D:3      | Found a one-way gate to the infinite horrors of the Abyss.
  1972 | D:3      | Reached XP level 6. HP: 33/35 MP: 6/6
  2389 | D:3      | Noticed Jessica
  2399 | D:3      | Killed Jessica
  2619 | D:4      | Noticed Grinder
  2654 | D:4      | Found a shadowy altar of Dithmenos.
  2666 | D:4      | Reached skill level 7 in Stealth
  2678 | D:4      | Identified the +4 dagger "Umylur" {vorpal, rCorr Int+2}
  2755 | D:4      | Noticed Sigmund
  2774 | D:4      | Killed Sigmund
  2775 | D:4      | Reached XP level 7. HP: 30/40 MP: 7/7
  2840 | D:4      | Noticed Pikel
  2852 | D:4      | Killed Pikel
  2853 | D:4      | Reached skill level 8 in Stealth
  2853 | D:4      | Reached XP level 8. HP: 44/44 MP: 8/8
  3063 | D:4      | Found a sacrificial altar of Ru.
  3065 | D:4      | Found a glowing silver altar of Zin.
  3075 | D:4      | Found an iron altar of Okawaru.
  3360 | D:5      | Entered Level 5 of the Dungeon
  3645 | D:5      | Found an opulent altar of Gozag.
  3855 | D:5      | Found a staircase to the Ecumenical Temple.
  3947 | Temple   | Entered the Ecumenical Temple
  4516 | D:6      | Noticed Dowan
  4518 | D:6      | Noticed Duvessa
  4526 | D:6      | Killed Duvessa
  4527 | D:6      | Reached XP level 9. HP: 25/48 MP: 9/9
  4540 | D:6      | Reached skill level 9 in Stealth
  4544 | D:6      | Killed Dowan
  4545 | D:6      | Reached skill level 10 in Short Blades
  4634 | D:6      | Found an ornate altar of the Wu Jian Council.
  4728 | D:6      | Became a worshipper of the Wu Jian Council
  4862 | D:6      | Reached skill level 10 in Stealth
  4862 | D:6      | Reached skill level 5 in Hexes
  4921 | D:6      | Found a runed translucent door.
  5108 | D:6      | Noticed DeathPants's ghost (novice DsNe)
  5317 | D:7      | Found a flagged portal.
  5345 | Bailey   | Entered a bailey
  5354 | Bailey   | Noticed an orc warlord
  5536 | Bailey   | Reached skill level 1 in Evocations
  5605 | Bailey   | Found a runed translucent gate.
  5606 | Bailey   | Found a runed translucent gate.
  5607 | Bailey   | Found a runed translucent gate.
  5696 | Bailey   | Reached * piety under Wu Jian
  5878 | Bailey   | Killed an orc warlord
  5879 | Bailey   | Reached skill level 11 in Stealth
  5879 | Bailey   | Reached XP level 10. HP: 49/56 MP: 10/10
  6161 | D:7      | Found a blossoming altar of Fedhas.
  6184 | D:7      | Found a stormy altar of Qazlal.
  6269 | D:7      | Noticed Menkaure
  6271 | D:7      | Killed Menkaure
  6646 | D:7      | Found a white marble altar of Elyvilon.
  7151 | D:8      | Acquired the +2 pair of gloves "Makhliamov" {Int+6}
  7507 | D:8      | Reached ** piety under Wu Jian
  7630 | D:8      | Found a snail-covered altar of Cheibriados.
  7714 | D:8      | Noticed a two-headed ogre
  7717 | D:8      | Killed a two-headed ogre
  7718 | D:8      | Reached skill level 5 in Fighting
  7718 | D:8      | Reached skill level 5 in Throwing
  7718 | D:8      | Reached skill level 5 in Dodging
  7718 | D:8      | Reached skill level 12 in Stealth
  7888 | D:8      | Reached XP level 11. HP: 49/64 MP: 2/11
  7913 | D:8      | Reached skill level 5 in Evocations
  8048 | D:8      | Learned a level 3 spell: Frozen Ramparts
  8192 | D:9      | Noticed a two-headed ogre
  8197 | D:9      | Killed a two-headed ogre
  8275 | D:9      | Found a bloodstained altar of Trog.
  8396 | D:9      | Noticed a two-headed ogre
  8412 | D:9      | Killed a two-headed ogre
  8710 | D:9      | Reached *** piety under Wu Jian
  8774 | D:9      | Found a shimmering altar of Xom.
  9500 | D:9      | Found a staircase to the Lair.
  9562 | D:10     | Entered Level 10 of the Dungeon
  9604 | D:10     | Reached skill level 13 in Stealth
  9702 | D:10     | Reached **** piety under Wu Jian
  9779 | D:10     | Learned a level 3 spell: Hailstorm
  9853 | D:10     | Reached XP level 12. HP: 71/71 MP: 12/12
 10198 | D:10     | Found a staircase to the Orcish Mines.
 10569 | D:10     | Reached ***** piety under Wu Jian
 11228 | Lair:1   | Entered Level 1 of the Lair of Beasts
 11468 | Lair:1   | Reached skill level 5 in Ice Magic
 12545 | Lair:2   | Noticed a seven-headed hydra
 12751 | Lair:2   | Found a hole to the Spider Nest.
 12785 | Lair:2   | Killed a seven-headed hydra
 12786 | Lair:2   | Reached skill level 14 in Stealth
 12786 | Lair:2   | Reached XP level 13. HP: 78/78 MP: 6/13
 13891 | Lair:3   | Noticed an eight-headed hydra
 13894 | Lair:3   | Killed an eight-headed hydra
 15051 | Lair:3   | Found a staircase to the Shoals.
 15181 | Lair:3   | Noticed Nergalle
 15194 | Lair:3   | Killed Nergalle
 15305 | Lair:4   | Found a staircase to the Slime Pits.
 15305 | Lair:4   | Found a viscous altar of Jiyva.
 15424 | Lair:4   | Found a runed translucent door.
 15424 | Lair:4   | Noticed Lufi's ghost (journeyman BaHs)
 15496 | Lair:4   | Noticed a four-headed hydra
 15506 | Lair:4   | Killed a four-headed hydra
 15507 | Lair:4   | Reached skill level 1 in Armour
 15960 | Lair:4   | You fall into a shaft and drop 1 floor!
 15960 | Lair:5   | Entered Level 5 of the Lair of Beasts
 15968 | Lair:5   | Reached XP level 14. HP: 72/84 MP: 11/14
 16000 | Slime:1  | Entered Level 1 of the Pits of Slime
 16003 | Slime:1  | Reached skill level 15 in Stealth
 16435 | Lair:5   | Reached ****** piety under Wu Jian
 16557 | Lair:5   | Noticed Urug
 16562 | Lair:5   | Killed Urug
 16706 | Lair:5   | Reached skill level 10 in Dodging
 17928 | Lair:5   | Reached skill level 10 in Hexes
 18041 | Lair:5   | Found a large runed translucent door.
 18041 | Lair:5   | Found a large runed translucent door.
 18046 | Lair:5   | Reached skill level 10 in Evocations
 20732 | D:13     | Reached XP level 15. HP: 92/92 MP: 15/15
 20969 | D:13     | Noticed Lodul
 20973 | D:13     | Killed Lodul
 21061 | D:13     | Reached skill level 10 in Fighting
 21496 | D:13     | Reached skill level 16 in Stealth
 22096 | Orc:1    | Entered Level 1 of the Orcish Mines
 22233 | Orc:1    | Found Simeleah's CLEARANCE SALE!.
 22238 | Orc:1    | Bought a scroll of fear for 20 gold pieces
 22238 | Orc:1    | Bought a scroll of fog for 20 gold pieces
 22238 | Orc:1    | Bought 2 scrolls of vulnerability for 40 gold pieces
 22259 | Orc:1    | Found a bloodstained altar of Trog.
 22360 | Orc:2    | Entered Level 2 of the Orcish Mines
 22373 | Orc:2    | Found a staircase to the Elven Halls.
 22425 | Orc:2    | Paralysed by an ogre mage for 5 turns
 22427 | Orc:2    | Slain by an orc warrior

Illustrated notes

Levels and vault maps discovered:
D:1:      nagdon_arrival_double_spiral, layout_basic
D:2:      layout_basic, grunt_ministairs_10, uniq_terence
D:3:      layout_loops_ring, serial_undead, serial_undead_b, serial_undead_d,
          serial_undead_c, serial_undead_a, serial_undead_c, serial_undead_b,
          ebering_ecumenical_altar_mist, kennysheep_flooded_box,
          minmay_misc_feat_doors, amcnicky_altar_lugonu_corruption, uniq_jessica
D:4:      layout_loops_ring, grunt_dithmenos_smoke_and_mirrors,
          grunt_temple_overflow_open, uniq_grinder, uniq_pikel, uniq_sigmund
D:5:      layout_basic, grunt_gozag_breadcrumbs, temple_fountains
D:6:      layout_cave_pools, mainiacjoe_overflow_tiny_flanked,
          ebering_ghost_reflecting_pool, uniq_duvessa
D:7:      layout_gridville, grunt_temple_overflow_forces_of_nature,
          nicolae_overflow_hidden_temple, enter_bailey_5, uniq_menkaure
D:8:      layout_basic, amcnicky_altar_gilded, amethyst_killhole
D:9:      layout_basic, trog_three_pillars_becter, xom_teletrap_fun,
          minmay_lair_entry_grove, dk_rats_in_the_wall
D:10:     layout_rooms, zombieorc2_lemuel, nicolae_elevator_lobby_asterisk
D:11:     layout_basic
D:12:     layout_stronghold
D:13:     layout_basic, serial_demonic, serial_demonic_f, serial_demonic_b,
          serial_demonic_d, serial_demonic_c, uniq_lodul
Temple:   nicolae_temple_ecumenical_triangle
Lair:1:   layout_cave_pods, nicolae_lair_run_with_the_wolves,
          grunt_megastairs_1, infiniplex_staircase_pool
Lair:2:   layout_gridlike, spider_nest_entry_a, special_room [special_room_bee]
Lair:3:   layout_chaotic_city, minmay_shoals_entry_hut, minivault_26,
          serial_bayou_crossing, grunt_megastairs_5, uniq_nergalle
Lair:4:   layout_roguey, slime_entry_1, hellmonk_ghost_happy_afterlife,
          st_stairs_8
Lair:5:   cheibrodos_lair_end_hotspot, layout_long_grid, uniq_urug
Slime:1:  layout_caves
Orc:1:    layout_caves, basic_altar, nicolae_shop_clearance
Orc:2:    st_orc_ogre_mass, layout_caves, gauntlet_entry_generic

Skill      XL: |  1  2  3  4  5  6  7  8  9 10 11 12 13 14 15 |
---------------+----------------------------------------------+-----
Short Blades   | 3 4 5 7 8 9 10 11 12 13 14 | 14.0
Stealth        | 6 7 8 11 12 13 14 15 16 | 16.5
Hexes          | 1 2 3 4 5 6 7 8 9 10 | 10.8
Ice Magic      | 1 2 3 4 5 6 8 |  8.0
Evocations     | 3 4 6 7 9 10 11 | 11.0
Dodging        | 3 5 6 8 9 10 11 | 11.5
Fighting       | 3 5 6 7 8 9 10 | 10.7
Throwing       | 3 5 6 |  6.0
Armour         | 1 3 |  3.0

Action                   |  1- 3 |  4- 6 |  7- 9 | 10-12 | 13-15 || total
-------------------------+-------+-------+-------+-------+-------++-------
Melee: Dagger            |    77 |    71 |   173 |   797 |   774 ||  1892
       Trident           |     4 |    29 |       |       |       ||    33
       Unarmed           |       |       |    10 |       |       ||    10
       Punch             |       |       |       |    14 |     9 ||    23
       Rapier            |       |       |       |    18 |    95 ||   113
       Short sword       |       |       |       |       |   184 ||   184
Throw: Dart              |       |     3 |     4 |     1 |       ||     8
       Throwing net      |       |       |     1 |       |       ||     1
 Cast: Ensorcelled Hiber |       |       |     8 |   109 |   155 ||   272
       Frozen Ramparts   |       |       |       |     1 |     5 ||     6
       Hailstorm         |       |       |       |       |     1 ||     1
Invok: Lunge             |       |       |    13 |    61 |    84 ||   158
       Whirlwind         |       |       |       |    25 |   110 ||   135
       Serpent's Lash    |       |       |       |     1 |       ||     1
       Heavenly Storm    |       |       |       |       |     1 ||     1
Evoke: Wand              |       |       |     9 |     2 |     3 ||    14
  Use: Scroll            |       |     3 |    10 |    17 |     6 ||    36
       Potion            |       |       |     2 |       |     1 ||     3
 Stab: Sleeping          |    15 |    20 |    20 |    78 |   154 ||   287
       Paralysed         |       |       |     3 |       |     1 ||     4
       Held in net/web   |       |       |     3 |       |       ||     3
       Distracted        |       |       |     2 |     7 |     5 ||    14
       Invisible         |       |       |       |     1 |       ||     1
       Fleeing           |       |       |       |       |     3 ||     3
Armor: Robe              |    13 |    16 |    26 |    63 |       ||   118
       Skin              |       |       |    22 |       |       ||    22
       Troll leather arm |       |       |       |    21 |    94 ||   115
Dodge: Dodged            |    67 |    48 |    73 |   487 |   751 ||  1426

Table legend: (Time is in decaauts)
 A = Elapsed time spent in this place.
 B = Non-inter-level travel time spent in this place.
 C = Inter-level travel time spent in this place.
 D = Time resting spent in this place.
 E = Time spent auto-exploring this place.
 F = Levels seen in this place.
 G = Mean time per level.
                   A        B        C        D        E       F      G
               +--------+--------+--------+--------+--------+-----+--------+
         Total |  21659 |  20090 |   1569 |   2033 |  13641 |  23 |  941.7 |
       Dungeon |  13775 |  12549 |   1226 |    992 |   8747 |  13 | 1059.6 |
        Temple |     66 |     52 |     14 |      0 |     44 |   1 |   66.0 |
          Lair |   6988 |   6677 |    311 |    875 |   4643 |   5 | 1397.6 |
    Slime Pits |      4 |      4 |      0 |      0 |      0 |   1 |    4.0 |
  Orcish Mines |    218 |    202 |     16 |      0 |     92 |   2 |  109.0 |
        Bailey |    606 |    606 |      0 |    166 |    115 |   1 |  606.0 |
               +--------+--------+--------+--------+--------+-----+--------+

Top non-repeatable levels by time:
  Lair:5: 1926 daAuts
     D:9: 1458 daAuts
  Lair:1: 1430 daAuts
     D:7: 1416 daAuts
    D:10: 1400 daAuts
  Lair:3: 1389 daAuts
    D:12: 1338 daAuts
  Lair:2: 1198 daAuts
    D:13: 1186 daAuts
     D:1: 1060 daAuts
  Lair:4: 1043 daAuts
     D:5: 1033 daAuts
     D:3: 986 daAuts
     D:6: 911 daAuts
     D:8: 883 daAuts
